Map: Para Site LE

Players

FLORENCIO - Winner!

  • Race: Protoss Protoss
  • League: Grandmaster
  • Spawn Location: 5:00

December

  • Race: Terran Terran
  • League: Diamond
  • Spawn Location: 11:00

VOD

Have the link to the VOD?

Description

Time

  • Played on: Aug. 22, 2018, 6:37 p.m.
  • Length: 8:10
Show
View Real Time Build Order
Export as new Build Order

FLORENCIO Protoss - Winner!

Build Orders: 1 Gate Expand 

Get SALT Encoding   

  12  0:01  Probe  
  13  0:13  Probe  
  14  0:25  Probe  
  15  0:28  Pylon  
  15  0:46  Probe  
  15  0:48  Gateway  
  16  0:54  Probe  
  16  1:04  Pylon  
  17  1:10  Gateway  
  17  1:25  Nexus  
  17  1:32  Zealot  
  17  1:33  Pylon  
  19  1:52  Zealot  
  19  1:57  Zealot  
  22  2:15  Assimilator  
  22  2:16  Zealot  
  24  2:25  Zealot  
  24  2:26  Cybernetics Core  
  27  2:57  Probe  
  26  3:09  Probe  
  27  3:26  Probe  
  27  3:49  Probe  
  27  3:50  Stalker  
  30  4:26  Probe  
  31  5:12  Stalker  
  31  5:13  Probe  
  34  5:37  Stalker  
  34  5:41  Assimilator  
  34  5:42  Stalker  
  35  6:06  Stalker x2  
  35  6:13  Probe  
  40  6:21  Probe  
  41  6:32  Pylon  
  41  6:39  Robotics Facility  
  41  6:48  Probe  
  42  7:05  Nexus  
  42  7:48  Pylon  
Show
View Real Time Build Order
Export as new Build Order

December Terran 

Build Orders: Reaper Expand 

Get SALT Encoding   

  12  0:00  SCV  
  13  0:13  SCV  
  14  0:18  Supply Depot  
  14  0:25  SCV  
  15  0:40  SCV  
  15  0:41  Barracks  
  16  0:45  Refinery  
  16  0:52  SCV  
  18  1:04  SCV  
  18  1:16  SCV  
  19  1:29  Reaper  
  19  1:30  Orbital Command  
  20  1:42  Command Center  
  20  1:56  SCV  
  21  2:04  Supply Depot  
  21  2:19  Barracks Reactor, SCV  
  21  2:21  Refinery  
  22  2:26  Factory  
  22  2:31  SCV  
  22  2:35  Supply Depot  
  23  2:50  SCV  
  22  3:02  Orbital Command  
  21  3:21  Supply Depot  
  21  3:22  Supply Depot  
  21  3:23  Supply Depot  
  19  3:37  Orbital Command  
  19  3:45  Orbital Command  
  18  4:13  Orbital Command  
  18  4:22  Orbital Command  
  18  4:44  Refinery  
  18  4:58  Refinery  
  18  5:11  Supply Depot  
  18  5:12  Cyclone  
  21  5:21  Orbital Command  
  15  6:05  SCV  
  16  6:17  SCV  
  16  6:29  SCV  
  16  6:31  Supply Depot  
  16  6:32  Cyclone  
  20  6:37  Orbital Command  
  20  6:42  SCV  
  20  6:43  Barracks Reactor  
  21  6:50  Supply Depot  
  21  6:54  SCV  
  22  7:06  SCV  
  22  7:08  SCV  
  23  7:18  SCV  
Tags
 
Add a new tag
Caveats
  • Supply blocks, unpowered buildings, or Contaminate may cause inaccurate times.
  • Supply counts are checked every 10 seconds.